Match 45108727
Unlisted
Match 45108727
End
Construct Barracks
Riflemen Squad
Riflemen Squad
Construct Weapon Support Center
Bazooka Squad
M1919 Machine Gun Team
Construct Medical Station
Construct Medical Station
Air Support Center
Construct Motor Pool
Grasshopper Recon Run
Air Supply
Grenade Package
P-47 Strafing Run
M1 Anti-tank Gun Team
Double Sortie
Grasshopper Recon Run
P-47 Strafing Run
P-47 Dive Bomb
M24 Chaffee Light Tank
Grasshopper Recon Run
Engineer Squad
P-47 Strafing Run
Improved Aircraft Armor
P-47 Dive Bomb
Grasshopper Recon Run
P-47 Dive Bomb
P-47 Strafing Run
Selects Special Operations Battlegroup
Selects Smoke Screen
Selects SSF Commando Squad
Selects M29 Weasel with M1 Pack Howitzer
SSF Commando Squad
Grasshopper Recon Run
P-47 Dive Bomb
P-47 Strafing Run
Construct Tank Depot
Grasshopper Recon Run
P-47 Dive Bomb
Selects P-47 Anti-Infantry Loiter
P-47 Strafing Run
M4A1 Sherman Medium Tank
Smoke Screen
Bazooka Squad
Grasshopper Recon Run
P-47 Dive Bomb
Improved M9 Bazooka Rockets
Engineer Squad
Grasshopper Recon Run
P-47 Strafing Run
M18 Hellcat Tank Destroyer
M18 Hellcat Tank Destroyer
Grasshopper Recon Run
P-47 Strafing Run
Selects M4A1 Sherman Whizbang
Advanced Air Reconnaissance
M3 Armored Personnel Carrier
Grasshopper High-Altitude Recon Run
P-47 Strafing Run
M4A1 Sherman Whizbang
Grasshopper High-Altitude Recon Run
P-47 Dive Bomb
P-47 Anti-Infantry Loiter
Bazooka Squad
Grasshopper High-Altitude Recon Run
P-47 Dive Bomb
P-47 Strafing Run
M4A1 Sherman Medium Tank
Grasshopper High-Altitude Recon Run
P-47 Dive Bomb
P-47 Strafing Run
SSF Commando Squad
Grasshopper High-Altitude Recon Run
P-47 Strafing Run
M18 Hellcat Tank Destroyer
Grasshopper High-Altitude Recon Run
M18 Hellcat Tank Destroyer
P-47 Dive Bomb
Grasshopper High-Altitude Recon Run
M18 Hellcat Tank Destroyer
Engineer Squad
Grasshopper High-Altitude Recon Run
P-47 Dive Bomb
P-47 Strafing Run
P-47 Anti-Infantry Loiter
SSF Commando Squad
Grasshopper High-Altitude Recon Run
P-47 Strafing Run
M18 Hellcat Tank Destroyer
P-47 Dive Bomb
Grasshopper High-Altitude Recon Run
M18 Hellcat Tank Destroyer
Smoke Screen
M3 Armored Personnel Carrier
Grasshopper High-Altitude Recon Run
P-47 Dive Bomb
Engineer Squad
Grasshopper High-Altitude Recon Run
P-47 Strafing Run
M18 Hellcat Tank Destroyer
SSF Commando Squad
Grasshopper High-Altitude Recon Run
P-47 Dive Bomb
M18 Hellcat Tank Destroyer
Engineer Squad
Grasshopper High-Altitude Recon Run
P-47 Dive Bomb
Smoke Screen
Gordon Birdman
Sąsiad
Hedzik
Noch
Henk
water
Boat Goes Binted
Hirys it's Irys
0
0
Comments sign in to comment!
No comments posted yet!